 Dungeon Crawl Stone Soup version 0.27-a0-1184-ge86db4a01e (webtiles) character file.

Game seed: 454142163499751112

742 experimilk the Cudgeller (level 7, -2/45 HPs)
             Began as a Gargoyle Fighter on May 18, 2021.
             Slain by a gnoll
             ... wielding a +0 halberd
              (8 damage)
             ... on level 5 of the Dungeon.
             The game lasted 00:17:24 (6936 turns).

experimilk the Cudgeller (Gargoyle Fighter)         Turns: 6936, Time: 00:17:24

Health: -2/45      AC: 12    Str: 21    XL:     7   Next: 76%
Magic:  7/7        EV:  7    Int:  8    God:
Gold:   155        SH:  9    Dex: 10    Spells: 6/6 levels left

rFire    . . .     SeeInvis .   a - +0 flail
rCold    . . .     Faith    .   c - +0 kite shield
rNeg     + . .     Spirit   .   b - +0 scale mail
rPois    ∞         Reflect  .   (no helmet)
rElec    +         Harm     .   (no cloak)
rCorr    .         Rampage  .   (no gloves)
Will     .....                  (no boots)
Stlth    ..........             n - amulet of regeneration
HPRegen  1.15/turn              (no ring)
MPRegen  0.10/turn              (no ring)

@: lit by a corona, glowing
A: sickness immunity, AC +4, negative energy resistance 1, electricity
resistance, torment resistance 1, petrification resistance
a: no special abilities


You were on level 5 of the Dungeon.
You visited 1 branch of the dungeon, and saw 5 of its levels.

You collected 155 gold pieces.

Inventory:

Hand Weapons
 a - a +0 flail (weapon)
Armour
 b - a +0 scale mail (worn)
 c - a +0 kite shield (worn)
Jewellery
 n - an amulet of regeneration (around neck)
Wands
 m - a wand of digging (9)
 r - a wand of flame (18)
Scrolls
 f - 3 scrolls of fear
 k - a scroll of enchant armour {unknown}
 l - 2 scrolls of blinking
 o - a scroll of enchant weapon {unknown}
 p - a scroll of identify
 q - a scroll of fog
Potions
 d - a potion of lignification {unknown}
 e - 4 potions of brilliance
 g - a potion of resistance
 h - 2 potions of haste
 i - 5 potions of curing
 j - 2 potions of heal wounds


   Skills:
 + Level 5.7 Fighting
 - Level 6.0 Maces & Flails
 + Level 5.7 Armour
 - Level 3.2 Shields


You had 6 spell levels left.
You didn't know any spells.
Your spell library contained the following spells:

 Spells                   Type           Power      Damage    Failure   Level
 Sandblast                Erth           0%         2d4       99%         1
 Passwall                 Tmut/Erth      0%         N/A       100%        2
 Stone Arrow              Conj/Erth      0%         3d7       100%        3
 Petrify                  Tmut/Erth      0%         N/A       100%        4
 Lee's Rapid Deconstruct  Erth           0%         3d5*      100%        5


Dungeon Overview and Level Annotations

Branches:
Dungeon (5/15)
 Temple: D:4-7

Altars:

Shops:
D:4 [


Innate Abilities, Weirdness & Mutations

You are immune to sickness and miasma.
Your stone body is resilient. (AC +4)
You are immune to poison.
You resist negative energy. (rN+)
You are resistant to electric shocks. (rElec)
You are resistant to unholy torment.
You are immune to petrification.


Message History

You kill the gnoll!
You block the gnoll's attack.
The gnoll hits you but does no damage. x2
The gnoll hits you from afar with a +0 spear.
You block the gnoll's attack. The gnoll hits you but does no damage.
Items here: $ ))) [ ††.
You barely miss the gnoll. The gnoll hits you with a +0 halberd.
You block the gnoll's attack.
You completely miss the gnoll. You block the gnoll's attack.
The gnoll barely misses you. The gnoll hits you with a +0 halberd.
You hit the gnoll but do no damage. The gnoll hits you but does no damage.
You block the gnoll's attack. The gnoll hits you but does no damage.
You hit the gnoll.
The gnoll is heavily wounded.
You block the gnoll's attack. x2
You hit the gnoll.
The gnoll is severely wounded.
The gnoll hits you but does no damage. x2
You sock the gnoll!
You kill the gnoll!
The gnoll hits you with a +0 halberd! The gnoll hits you with a +0 halberd.
You block the gnoll's attack.
You see here a +0 spear.
You sock the gnoll!
The gnoll is heavily wounded.
You block the gnoll's attack.
You completely miss the gnoll.
The gnoll is heavily wounded.
The gnoll hits you with a +0 halberd. You block the gnoll's attack.
You hit the gnoll.
The gnoll is severely wounded.
The gnoll hits you with a +0 halberd.
You barely miss the gnoll.
The gnoll is severely wounded.
The gnoll hits you with a +0 halberd.
You hit the gnoll but do no damage.
The gnoll is severely wounded.
The gnoll hits you with a +0 halberd!
* * * LOW HITPOINT WARNING * * *
The gnoll hits you with a +0 halberd!
You die...

#...##..#....................#
'...##..#....................#
#....#..'....................#
#(...#..#....................#
#...#####....#####...........#
#...##..#....#...######......####
#....#..#....#........#..........
# #..#....#.....>..#......###.
#..'....'..@g....#..........
#...##..#....###)######..######..
#...#######.(..#'###..##.#....#..
#....# #....#.........####.#..
#....# #....#.........#....#..
#....# #....#####.....#....#..
#....# #.gg.....#.....##..##..
.....# #........#............#
.....# #........#....#....####


You could see a gnoll.

Vanquished Creatures
  2 ice beasts (D:5)
  A wyvern skeleton (D:5)
  2 hounds
  An orc priest (D:3)
  A gnoll shaman (D:5)
  An iguana (D:3)
  2 orc wizards
  A mummy (D:5)
  11 gnolls
  7 adders
  2 white imps (D:5)
  2 adder skeletons (D:2)
  2 worms (D:2)
  A dart slug (D:3)
  9 orcs
  6 ball pythons
  6 bats
  A bat zombie (D:2)
  6 endoplasms
  2 giant cockroaches (D:2)
  6 goblins
  10 hobgoblins
  2 jackals (D:1)
  4 quokkas
  2 ball python skeletons (D:2)
  4 kobolds
  3 kobold zombies (D:5)
  An orc zombie (D:5)
  A quokka skeleton (D:2)
  4 rats
103 creatures vanquished.

Vanquished Creatures (others)
  A fungus (D:3)
  A plant (D:2)
  3 withered plants (D:2)
5 creatures vanquished.

Grand Total: 108 creatures vanquished

Notes
Turn   | Place    | Note
-------+----------+-------------------------------------------
     0 | D:1      | experimilk the Gargoyle Fighter began the quest for the
                  | Orb.
     0 | D:1      | Reached XP level 1. HP: 14/14 MP: 1/1
   768 | D:1      | Reached XP level 2. HP: 17/19 MP: 2/2
  1920 | D:2      | Reached XP level 3. HP: 20/23 MP: 3/3
  2442 | D:2      | Reached skill level 3 in Maces & Flails
  3072 | D:2      | Reached XP level 4. HP: 29/29 MP: 4/4
  4641 | D:3      | Found a faded altar of an unknown god.
  4754 | D:3      | Reached XP level 5. HP: 33/33 MP: 5/5
  4813 | D:3      | Reached skill level 4 in Maces & Flails
  5367 | D:4      | Reached XP level 6. HP: 39/39 MP: 6/6
  5672 | D:4      | Found Yjuluemu's Armour Emporium.
  6025 | D:5      | Entered Level 5 of the Dungeon
  6214 | D:5      | Reached skill level 5 in Maces & Flails
  6270 | D:5      | Reached skill level 5 in Armour
  6363 | D:5      | Reached skill level 5 in Fighting
  6659 | D:5      | Noticed an ice beast
  6667 | D:5      | Killed an ice beast
  6668 | D:5      | Reached XP level 7. HP: 44/44 MP: 7/7
  6835 | D:5      | Reached skill level 6 in Maces & Flails
  6936 | D:5      | Slain by a gnoll

Illustrated notes

Levels and vault maps discovered:
D:1:      minmay_arrival_four_houses, layout_loops_corners
D:2:      layout_rooms, serial_undead, serial_undead_d, serial_undead_f,
          serial_undead_f, serial_undead_c, serial_undead_c, serial_bayou_pond_a
D:3:      layout_loops_ring, shapermc_ecumenical_altar_mp_ritualfount
D:4:      layout_cave_pods, serial_shops, nicolae_shop_waterfront
D:5:      layout_gridville, minmay_mini_ossuary

Skill      XL: |  1  2  3  4  5  6  7 |
---------------+----------------------+-----
Maces & Flails | 3 4 5 6 |  6.0
Armour         | 4 5 |  5.7
Fighting       | 4 5 |  5.7
Shields        | |  3.2

Action                   |  1- 3 |  4- 6 |  7- 9 || total
-------------------------+-------+-------+-------++-------
Melee: Flail             |   132 |   254 |    61 ||   447
  Use: Scroll            |       |     9 |       ||     9
       Potion            |       |     1 |       ||     1
Armor: Scale mail        |    73 |   177 |    31 ||   281
Dodge: Dodged            |    56 |    90 |    17 ||   163
Block: Kite shield       |   100 |   166 |    24 ||   290

Table legend: (Time is in decaauts)
 A = Elapsed time spent in this place.
 B = Non-inter-level travel time spent in this place.
 C = Inter-level travel time spent in this place.
 D = Time resting spent in this place.
 E = Time spent auto-exploring this place.
 F = Levels seen in this place.
 G = Mean time per level.
                   A        B        C        D        E       F      G
               +--------+--------+--------+--------+--------+-----+--------+
         Total |   7139 |   6768 |    371 |   2457 |   2326 |   5 | 1427.8 |
       Dungeon |   7139 |   6768 |    371 |   2457 |   2326 |   5 | 1427.8 |
               +--------+--------+--------+--------+--------+-----+--------+

Top non-repeatable levels by time:
     D:1: 2791 daAuts
     D:2: 1534 daAuts
     D:3: 1107 daAuts
     D:4: 861 daAuts
     D:5: 844 daAuts
